 Seeded DCSS version 0.27.1-3-gb3d3a73c9e (webtiles) character file.

Game seed: 20211020 (custom seed)

100 jessy the Covered (level 4, 0/37 HPs)
             Began as a Barachi Fighter on Oct 20, 2021.
             Was a Believer of Trog.
             Succumbed to an adder's poison
             ... on level 3 of the Dungeon.
             The game lasted 00:09:55 (1803 turns).

jessy the Covered (Barachi Fighter)                 Turns: 1803, Time: 00:09:55

Health: 0/37       AC:  7    Str: 19    XL:     4   Next: 73%
Magic:  4/4        EV: 10    Int:  8    God:    Trog [**....]
Gold:   76         SH:  0    Dex: 11    Spells: 3/3 levels left

rFire    + . .     SeeInvis .   r - +0 lajatang
rCold    + . .     Faith    .   (shield currently unavailable)
rNeg     . . .     Spirit   .   b - +0 scale mail
rPois    +         Reflect  .   (no helmet)
rElec    +         Harm     .   (no cloak)
rCorr    +         Rampage  .   (no gloves)
Will     .....                  (no boots)
Stlth    ..........             o - amulet of regeneration
HPRegen  1.12/turn              (no ring)
MPRegen  0.09/turn              (no ring)

@: lethally poisoned (0 -> -4), resistant, slow
A: amphibious, slowness 1, strong legs 1, +LOS
a: Hop, Renounce Religion, Berserk, Trog's Hand


You were on level 3 of the Dungeon.
You worshipped Trog.
Trog was pleased with you.
You visited 1 branch of the dungeon, and saw 3 of its levels.

You collected 76 gold pieces.

Inventory:

Hand Weapons
 a - a +0 long sword
 h - a +0 whip
 l - a +2 short sword of electrocution
 r - a +0 lajatang (weapon)
Missiles
 g - 100 stones
Armour
 b - a +0 scale mail (worn)
 c - a +0 kite shield
 j - a +0 leather armour
 k - a +0 scale mail
Magical Staves
 m - a staff of fire
Jewellery
 o - an amulet of regeneration (around neck)
Scrolls
 f - a scroll of silence {unknown}
 n - 2 scrolls of identify {unknown}
 p - a scroll of fog {unknown}
Potions
 d - a potion of might
 e - a potion of ambrosia {unknown}
 i - a potion of resistance
 q - 2 potions of curing {unknown}


   Skills:
 + Level 4.1 Fighting
 + Level 1.7(2.5) Short Blades
 + Level 3.0(3.3) Long Blades
 + Level 4.2 Armour
 + Level 1.0 Dodging
 + Level 0.1 Stealth
 + Level 4.1 Shields


You had 3 spell levels left.
You didn't know any spells.
Your spell library was empty.

Dungeon Overview and Level Annotations

Branches:
Dungeon (3/15)

Altars:
Trog


Innate Abilities, Weirdness & Mutations

You are amphibious.
You cover ground slowly.
You can hop short distances.
You have an extended range of vision and can be seen from far away.


Message History

You completely miss the ball python.
You feel sick. The ball python barely misses you.
The ball python constricts you. The adder barely misses you.
The endoplasm freezes you.
You are frozen.
The ball python bites you. The ball python constricts you. The adder bites you.
You are more poisoned.
The adder poisons you!
The quokka bites you but does no damage.
The endoplasm hits you but does no damage.
You escape the ball python's grasp.
You feel very sick. The adder bites you.
* * * LOW HITPOINT WARNING * * *
You are more poisoned.
The adder poisons you! The dart slug launches a dart at you.
The slug dart hits you.
* * * LOW HITPOINT WARNING * * *
It was a potion of resistance.
You feel protected.
You feel sick. The adder bites you but does no damage.
The quokka bites you but does no damage.
The dart slug launches a dart at you. The slug dart hits you.
* * * LOW HITPOINT WARNING * * *
The adder bites you but does no damage.
You barely miss the quokka.
You feel very sick. The quokka bites you.
* * * LOW HITPOINT WARNING * * *
The adder bites you.
* * * LOW HITPOINT WARNING * * *
You are lethally poisoned!
The adder poisons you! The endoplasm hits you.
* * * LOW HITPOINT WARNING * * *
The quokka completely misses you. The adder bites you but does no damage.
You hit the endoplasm.
The endoplasm is moderately wounded.
You die...

........ .. ....
.. .. #..... .#
...#. #.#
#...##..##
##.##.......#
#......S...<#
#..####rS...#
#......@J...#
#...###..w......
... #.......#. .
........#
........#
#...#.##...
###.... #..
.###. .. .# ##


You could see an adder, a dart slug, an endoplasm, a quokka and a ball python.

Vanquished Creatures
  5 adders (D:2)
  2 dart slugs (D:2)
  8 ball pythons
  4 endoplasms (D:1)
  A giant cockroach (D:1)
  8 hobgoblins
  4 quokkas
  3 bats
  5 frilled lizards
  4 goblins
  5 kobolds
  4 rats
53 creatures vanquished.

Notes
Turn   | Place    | Note
-------+----------+-------------------------------------------
     0 | D:1      | jessy the Barachi Fighter began the quest for the Orb.
     0 | D:1      | Reached XP level 1. HP: 18/18 MP: 1/1
   321 | D:1      | Reached XP level 2. HP: 21/25 MP: 2/2
   917 | D:1      | Reached XP level 3. HP: 26/30 MP: 3/3
  1115 | D:2      | Found a faded altar of an unknown god.
  1136 | D:2      | Became a worshipper of Trog the Wrathful
  1136 | D:2      | Reached * piety under Trog
  1203 | D:2      | Reached skill level 1 in Short Blades
  1304 | D:2      | Reached skill level 1 in Dodging
  1304 | D:2      | Reached XP level 4. HP: 37/37 MP: 4/4
  1486 | D:2      | Reached ** piety under Trog
  1803 | D:3      | Succumbed to an adder's poison

Illustrated notes

Levels and vault maps discovered:
D:1:      minmay_arrival_split_and_join, layout_basic, minmay_domino_4
D:2:      layout_basic, ebering_ecumenical_altar_rust, minmay_crystal_water,
          grunt_ministairs_1
D:3:      layout_rooms, mainiacjoe_overflow_chevrons

Skill      XL: |  1  2  3  4 |
---------------+-------------+-----
Armour         | 4 |  4.2
Fighting       | 4 |  4.1
Long Blades    | 3 |  3.0
Short Blades   | 1 |  1.7
Dodging        | 1 |  1.0
Shields        | 4 |  4.1
Stealth        | |  0.1

Action                   |  1- 3 |  4- 6 || total
-------------------------+-------+-------++-------
Melee: Long sword        |    64 |       ||    64
       Short sword       |    16 |    59 ||    75
       Lajatang          |       |     7 ||     7
  Use: Potion            |       |     1 ||     1
Armor: Scale mail        |    59 |    63 ||   122
Dodge: Dodged            |    35 |    43 ||    78
Block: Kite shield       |    56 |    59 ||   115
       Rpst.: Long sword |    10 |       ||    10
